 Dungeon Crawl Stone Soup version 0.22.1-2-g9c5b331383 (webtiles) character file.

3727 Cykl0x the Cleaver (level 10, -2/60 HPs)
             Began as a Gargoyle Fighter on Nov 15, 2018.
             Was an Elder of Okawaru.
             Slain by a fire elemental (8 damage)
             ... summoned by a deep elf mage
             ... on level 8 of the Dungeon.
             The game lasted 00:16:27 (4940 turns).

Cykl0x the Cleaver (Gargoyle Fighter)               Turns: 4940, Time: 00:16:28

Health: -2/60      AC: 23    Str: 20    XL:     10   Next: 14%
Magic:  10/10      EV:  5    Int: 10    God:    Okawaru [****..]
Gold:   219        SH: 11    Dex: 11    Spells: 9/9 levels left

rFire    . . .     SeeInvis .   a - +5 war axe
rCold    . . .     Gourm    .   c - +1 shield
rNeg     + . .     Faith    .   l - +0 plate armour
rPois    ∞         Spirit   .   (no helmet)
rElec    +         Reflect  .   r - +0 cloak
rCorr    .         Harm     .   s - +0 pair of gloves
MR       .....                  (no boots)
Stlth    ..........             o - amulet of the acrobat
HPRegen  0.20/turn              (no ring)
MPRegen  0.12/turn              (no ring)

@: no status effects
A: negative energy resistance 1, electricity resistance, unbreathing,
petrification resistance, rot immunity, AC +7
a: Heroism, Renounce Religion


You were on level 8 of the Dungeon.
You worshipped Okawaru.
Okawaru was greatly pleased with you.
You were not hungry.

You visited 1 branch of the dungeon, and saw 8 of its levels.

You collected 219 gold pieces.

Inventory:

Hand Weapons
 a - a +5 war axe (weapon)
Missiles
 j - 7 javelins (quivered)
Armour
 c - a +1 shield (worn)
 l - a +0 plate armour (worn)
 r - a +0 cloak (worn)
 s - a +0 pair of gloves (worn)
Jewellery
 h - an uncursed ring of ice
 o - an amulet of the acrobat (around neck)
 t - an uncursed ring of fire {unknown}
 v - an uncursed ring of ice
 w - an uncursed amulet of the gourmand
Wands
 m - a wand of enslavement (28)
Scrolls
 b - a scroll of fear
 d - 3 scrolls of teleportation
 p - 3 scrolls of remove curse
 u - a scroll of amnesia
 x - 2 scrolls of fog
Potions
 e - 2 potions of ambrosia
 g - a potion of mutation
 i - 4 potions of agility
 k - a potion of lignification {unknown}
 n - a potion of haste {unknown}
 q - a potion of might
Comestibles
 f - 19 rations


   Skills:
 + Level 6.1 Fighting
 + Level 9.2 Axes
 + Level 1.4 Throwing
 + Level 7.3 Armour
 + Level 2.1 Dodging
 + Level 0.6 Stealth
 + Level 7.3 Shields


You had 9 spell levels left.
You didn't know any spells.
Your spell library contained the following spells:

 Spells                   Type           Power        Failure   Level  Hunger
 Animate Skeleton         Necr           N/A          100%        1    ##.....
 Apportation              Tloc           #.....       100%        1    ##.....
 Confusing Touch          Hex            #.....       100%        1    ##.....
 Flame Tongue             Conj/Fire      #....        100%        1    ##.....
 Summon Small Mammal      Summ           #...         100%        1    ##.....
 Throw Flame              Conj/Fire      #.....       100%        2    ###....
 Conjure Flame            Conj/Fire      #.......     100%        3    ####...
 Inner Flame              Hex/Fire       #.......     100%        3    ####...
 Recall                   Summ/Tloc      N/A          100%        3    ####...
 Sticky Flame             Conj/Fire      #.......     100%        4    #####..
 Aura of Abjuration       Summ           #.........   100%        5    ######.
 Fireball                 Conj/Fire      #.........   100%        5    ######.
 Summon Demon             Summ           #.........   100%        5    ######.
 Summon Forest            Summ/Tloc      #.........   100%        5    ######.
 Summon Mana Viper        Hex/Summ       #.......     100%        5    ######.
 Shadow Creatures         Summ           N/A          100%        6    #######


Dungeon Overview and Level Annotations

Branches:
Dungeon (8/15)             Temple (0/1) D:5
   Lair: D:8-11

Altars:
Ashenzari
Cheibriados
Makhleb
Okawaru
Wu Jian
Zin


Innate Abilities, Weirdness & Mutations

You are resistant to torment.
Your stone body is resilient. (AC +7)
You are immune to poison.
You resist negative energy. (rN+)
You are resistant to electric shocks. (rElec)
You can survive without breathing.
You are immune to petrification.
You are immune to rotting.


Message History

* * * LOW HITPOINT WARNING * * *
You block the deep elf mage's attack.
You closely miss the deep elf mage.
The deep elf mage is severely wounded.
You closely miss the fire elemental. You hit the fire elemental.
You block the fire elemental's attack. The fire elemental hits you.
The fire elemental burns you!
* * * LOW HITPOINT WARNING * * *
The fire elemental hits you. The fire elemental burns you!
* * * LOW HITPOINT WARNING * * *
You block the fire elemental's attack.
The deep elf mage hits you but does no damage.
You hit the deep elf mage.
The deep elf mage is severely wounded.
Your plate armour prevents you from hitting the fire elemental.
You miss the fire elemental. You closely miss the fire elemental.
The fire elemental hits you. The fire elemental burns you!
* * * LOW HITPOINT WARNING * * *
The fire elemental hits you. The fire elemental burns you!
You die...

#...##...# ####
##...##...# .....
#....÷....#
......#....).<..#
.....'.........#
#...###..######
#...###..##...#
#..§E.E...)...#
#...e@........#
#...E.......<.#
#'##(#######'## ..
#(####.....#
.....#..........#
.....#..........#
#.....+..........#
#.....#..........#
#########.....########...#


You could see a deep elf mage and 3 fire elementals.

Vanquished Creatures
  A two-headed ogre (D:7)
  Grinder (D:3)
  A hippogriff (D:6)
  A spriggan (D:7)
  A water moccasin (D:8)
  2 orc warriors
  4 phantoms
  A black bear (D:8)
  3 centaurs
  2 ogres (D:8)
  4 bullfrogs
  A scorpion (D:6)
  3 killer bees (D:8)
  2 centaur zombies
  6 crimson imps
  A bullfrog zombie (D:7)
  A jelly (D:3)
  A quasit (D:4)
  4 hounds
  An orc priest (D:7)
  Crazy Yiuf (D:4)
  A bullfrog skeleton (D:4)
  A gnoll shaman (D:8)
  2 iguanas
  An orc wizard (D:6)
  3 worker ants
  A hound zombie (D:8)
  A hound skeleton (D:7)
  A worker ant zombie (D:5)
  3 gnolls (D:8)
  A howler monkey skeleton (D:8)
  5 adders
  2 oozes
  2 adder skeletons
  2 worms
  5 leopard geckos
  9 orcs
  7 bats
  4 giant cockroaches
  9 goblins
  4 hobgoblins
  15 jackals
  4 quokkas
  6 ball pythons (D:3)
  6 frilled lizards
  13 kobolds
  A leopard gecko skeleton (D:6)
  A quokka zombie (D:7)
  4 rats
156 creatures vanquished.

Vanquished Creatures (others)
  A gnoll (D:8)
1 creature vanquished.

Grand Total: 157 creatures vanquished

Notes
Turn   | Place    | Note
-------+----------+-------------------------------------------
     0 | D:1      | Cykl0x the Gargoyle Fighter began the quest for the Orb.
     0 | D:1      | Reached XP level 1. HP: 14/14 MP: 1/1
    36 | D:1      | Reached XP level 2. HP: 19/19 MP: 2/2
   147 | D:1      | Reached skill level 2 in Axes
   216 | D:1      | Reached XP level 3. HP: 23/24 MP: 3/3
   862 | D:2      | Reached XP level 4. HP: 24/29 MP: 4/4
  1028 | D:2      | Found a burning altar of Makhleb.
  1071 | D:2      | Found a snail-covered altar of Cheibriados.
  1128 | D:3      | Noticed Grinder
  1132 | D:3      | Paralysed by Grinder for 4 turns
  1141 | D:3      | Killed Grinder
  1141 | D:3      | Reached skill level 3 in Axes
  1141 | D:3      | Reached skill level 1 in Dodging
  1141 | D:3      | Reached XP level 5. HP: 8/33 MP: 5/5
  1141 | D:3      | Reached XP level 6. HP: 10/38 MP: 6/6
  1358 | D:3      | Reached skill level 4 in Axes
  1387 | D:3      | Found an iron altar of Okawaru.
  1400 | D:3      | Became a worshipper of Warmaster Okawaru
  1921 | D:4      | Noticed a phantom
  1965 | D:4      | Killed a phantom
  1965 | D:4      | Reached XP level 7. HP: 14/44 MP: 7/7
  2209 | D:4      | Reached skill level 5 in Armour
  2239 | D:4      | Reached skill level 5 in Shields
  2349 | D:4      | Found a shattered altar of Ashenzari.
  2532 | D:4      | Found a runed door.
  2544 | D:4      | Got a twisted mace
  2545 | D:4      | Identified the cursed +0 mace "Wutulano" {pain, MR+ Str+6}
                  | (You found it on level 4 of the Dungeon)
  2548 | D:4      | Noticed Crazy Yiuf
  2559 | D:4      | Killed Crazy Yiuf
  2729 | D:5      | Entered Level 5 of the Dungeon
  2752 | D:5      | Found an ornate altar of the Wu Jian Council.
  2811 | D:5      | Reached * piety under Okawaru
  2856 | D:5      | Got a transparent spear
  2904 | D:5      | Found a staircase to the Ecumenical Temple.
  2963 | D:5      | Reached skill level 5 in Axes
  3058 | D:5      | Found a glowing silver altar of Zin.
  3160 | D:6      | Reached XP level 8. HP: 41/48 MP: 8/8
  3244 | D:6      | Reached skill level 5 in Fighting
  3302 | D:6      | Reached skill level 6 in Axes
  3336 | D:6      | Noticed a hippogriff
  3345 | D:6      | Killed a hippogriff
  3345 | D:6      | Reached ** piety under Okawaru
  3550 | D:6      | Reached skill level 7 in Axes
  3550 | D:6      | Reached XP level 9. HP: 50/54 MP: 9/9
  3665 | D:7      | Reached skill level 1 in Throwing
  4193 | D:7      | Noticed a two-headed ogre
  4203 | D:7      | Killed a two-headed ogre
  4203 | D:7      | Reached *** piety under Okawaru
  4203 | D:7      | Reached **** piety under Okawaru
  4203 | D:7      | Reached skill level 8 in Axes
  4725 | D:8      | Noticed a deep elf mage
  4738 | D:8      | Reached XP level 10. HP: 45/60 MP: 10/10
  4837 | D:8      | Reached skill level 9 in Axes
  4940 | D:8      | Slain by a fire elemental

Skill      XL: |  1  2  3  4  5  6  7  8  9 10 |
---------------+-------------------------------+-----
Axes           | 2 3 4 5 7 8 9 |  9.2
Fighting       | 4 5 6 |  6.1
Armour         | 4 5 7 |  7.3
Dodging        | 1 2 |  2.1
Shields        | 4 5 6 7 |  7.3
Throwing       | 1 |  1.4
Stealth        | |  0.6

Action                   |  1- 3 |  4- 6 |  7- 9 | 10-12 || total
-------------------------+-------+-------+-------+-------++-------
Melee: War axe           |    93 |   153 |   238 |    37 ||   521
       Mace              |       |       |    10 |       ||    10
Throw: Javelin           |       |       |     9 |       ||     9
  Use: Scroll            |     1 |     7 |    14 |       ||    22
       Potion            |       |     1 |     1 |       ||     2
  Eat: Chunk             |       |     4 |     3 |       ||     7
       Ration            |       |       |     2 |       ||     2
Armor: Scale mail        |    84 |   100 |     7 |       ||   191
       Plate armour      |       |       |   124 |    46 ||   170
Dodge: Dodged            |    49 |    62 |    78 |    27 ||   216
Block: Shield            |    61 |   122 |   144 |    43 ||   370
